 Dungeon Crawl Stone Soup version 0.32-a0-913-g739538afd8 (webtiles) character file.

Game seed: 2342817381157435755

3133 Pooter the Covert (level 9, -1/48 HPs)
             Began as a Felid Berserker on Apr 7, 2024.
             Was a Follower of Trog.
             Slain by Fractals's ghost (8 damage)
             ... on level 8 of the Dungeon on Apr 8, 2024.
             The game lasted 00:37:18 (7315 turns).

Pooter the Covert (Felid Berserker)                 Turns: 7315, Time: 00:37:18

Health: -1/48      AC:  2    Str: 13    XL:     9   Next: 61%
Magic:  10/10      EV: 22    Int: 10    God:    Trog [*.....]
Gold:   212        SH:  0    Dex: 21    Spells: 8/8 levels left
                                        Lives:  0   Deaths: 3

rFire   . .          .
                       - Unarmed
rCold   . . .        (shield unavailable)
rNeg    + . .        (body armour unavailable)
rPois   +            (helmet unavailable)
rElec   .            (cloak unavailable)
rCorr   .            (gloves unavailable)
SInv    +            (boots unavailable)
Will    +....        (no amulet)
Stlth   +++++        P - ring of poison resistance
HPRegen 0.28/turn    N - ring of positive energy
MPRegen 0.12/turn

%: no passive effects
@: beast-form, on berserk cooldown, slowed, very slow
A: beast (slay +2), very small, claws 1, fangs 3, see invisible, shaggy fur 2,
stealthy paws, no weapons or thrown items, no armour, multi-lived
a: Begin Untransformation, Renounce Religion, Berserk


You were on level 8 of the Dungeon.
You worshipped Trog.
Trog was aware of your devotion.
You were a hulking beast.
You visited 1 branch of the dungeon, and saw 8 of its levels.

You collected 452 gold pieces.
You spent 240 gold pieces at shops.

Inventory:

Jewellery
 l - a +6 ring of intelligence
   (You found it on level 3 of the Dungeon)
 N - a ring of positive energy (right paw)
   (You found it on level 4 of the Dungeon)
 P - a ring of poison resistance (left paw)
   (You bought it in a shop on level 3 of the Dungeon)
Talismans
 f - a flux talisman
   (You found it on level 2 of the Dungeon)
 q - a beast talisman (active)
   (You found it on level 5 of the Dungeon)
Scrolls
 a - a scroll of noise {!r}
 g - 4 scrolls of poison {!r}
 i - a scroll of amnesia {unknown}
 j - a scroll of vulnerability {!r}
 k - 3 scrolls of blinking
 n - 2 scrolls of fog {unknown}
 s - a scroll of immolation {!r}
 t - 3 scrolls of teleportation {@r4}
Potions
 b - 2 potions of enlightenment {unknown}
 c - 2 potions of curing {@q1}
 d - a potion of heal wounds {unknown}
 e - 3 potions of mutation {!q}
 h - a potion of ambrosia {unknown}
 m - 3 potions of might {unknown}
 o - 2 potions of invisibility {unknown}
 p - 4 potions of attraction {!q}
 r - a potion of resistance {unknown}
Miscellaneous
 u - a Gell's gravitambourine (1/2)
   (You found it on level 7 of the Dungeon)
 Q - a tin of tremorstones (inert)
   (You found it on level 7 of the Dungeon)


   Skills:
 + Level 6.0 Fighting
 + Level 7.9 Dodging
 + Level 9.8 Stealth
 * Level 7.8 Unarmed Combat
 + Level 1.0 Evocations
 * Level 4.1 Shapeshifting


You had 8 spell levels left.
You didn't know any spells.
Your spell library was empty.

Dungeon Overview and Level Annotations

Branches:
Dungeon (8/15) Zot: 26996  Temple (0/1) D:4
   Lair: D:8-11

Altars:

Shops:
D:2 [   D:3 =

Annotations:
D:4 1 runed translucent door, Crazy Yiuf
D:5 2 runed translucent doors, Doorstop00's ghost, novice MiBe
D:8 Fractals's ghost, novice KoBr


Innate Abilities, Weirdness & Mutations

You are a hulking beast.
Your limbs bulge with bestial killing power. (Slay +2)
You have sharp claws.
You have razor-sharp teeth.
You have supernaturally acute eyesight. (SInv)
You are covered in thick fur. (AC +2)
Your paws help you pounce on unaware monsters.
You are incapable of wielding weapons or throwing items.
You cannot wear armour.
You gain extra lives every three experience levels.


Message History

You bite the gnoll bouda, but do no damage.
The gnoll bouda completely misses you.
You completely miss the gnoll bouda. You scratch the gnoll bouda.
The gnoll bouda hits you with a +0 club!
* * * LOW HITPOINT WARNING * * *
You scratch the gnoll bouda but do no damage.
The gnoll bouda closely misses you.
You scratch the gnoll bouda.
You kill the gnoll bouda!
Trog accepts your kill.
Your Evocations skill increases to level 1!
The tremorstone explodes into fragments!
Your attacks no longer feel as feeble.
You hear a shout!
Aiming: Gell's Gravitas
Press: ? - help, Dir - move target, f - gnoll
Aim: a gnoll, wielding a +0 halberd You rattle the tambourine.
Waves of gravity draw inward around the gnoll.
The gnoll is pinned by gravity. x2
You kill the gnoll!
Trog accepts your kill.
The tremorstone explodes into fragments!
The burst of rock shards engulfs you!
* * * LOW HITPOINT WARNING * * *
The tin is emptied!
The gnoll hits you from afar with a +0 halberd.
* * * LOW HITPOINT WARNING * * *
The gnoll completely misses you.
You scratch the gnoll. The gnoll barely misses you.
You completely miss the gnoll. You claw the gnoll!
You kill the gnoll!
Trog accepts your kill.
A red film seems to cover your vision as you go berserk!
You feel yourself moving faster!
You feel mighty!
You feel a strong urge to attack something.
You feel your anger nearly subside.
You are no longer berserk.
You are exhausted.
You feel yourself slow down.
There is a stone staircase leading down here.
Fractals's ghost hits you but does no damage.
The gnoll barely misses you. Fractals's ghost misses you.
You climb downwards.
There is a stone staircase leading up here.
You closely miss Fractals's ghost. Fractals's ghost hits you.
* * * LOW HITPOINT WARNING * * *
You scratch Fractals's ghost. Fractals's ghost hits you!
You die... ## #..#..### ......Wh# ...#..### #. .. .. #. #

You could see Fractals's ghost.

Vanquished Creatures
  Pikel (D:4)
  A deep elf pyromancer (D:7)
  A wyvern (D:5)
  Duvessa (D:4)
  2 black bears (D:6)
  An ice beast (D:5)
  An ogre (D:5)
  3 centaurs
  A kobold brigand (D:6)
  4 bullfrogs
  4 scorpions
  A wight (D:6)
  Dowan (D:4)
  3 bombardier beetles
  3 hounds
  An orc priest (D:3)
  2 gnoll boudas (D:7)
  3 jellies
  A sleepcap (D:6)
  3 iguanas (D:5)
  2 orc wizards
  4 adders
  9 gnolls
  4 ufetubi
  2 dart slugs
  A ribbon worm (D:5)
  7 orcs
  6 bats
  2 endoplasms
  A giant cockroach (D:1)
  2 goblins
  6 hobgoblins
  3 jackals (D:4)
  3 kobolds
  4 quokkas
  5 ball pythons
  A rat (D:2)
  2 butterflies (D:4)
102 creatures vanquished.

Notes
Turn   | Place    | Note
-------+----------+-------------------------------------------
     0 | D:1      | Pooter the Felid Berserker began the quest for the Orb.
     0 | D:1      | Reached XP level 1. HP: 12/12 MP: 2/2
   631 | D:1      | Found a faded altar of an unknown god.
   818 | D:2      | Reached skill level 1 in Stealth
   855 | D:2      | Reached XP level 2. HP: 12/16 MP: 3/3
  1092 | D:2      | Found Raist's Antique Armour Shoppe.
  1546 | D:3      | Reached skill level 2 in Stealth
  1546 | D:3      | Reached XP level 3. HP: 20/20 MP: 4/4
  1656 | D:3      | Found Geuffai's Jewellery Boutique.
  1681 | D:3      | Reached XP level 4. HP: 24/24 MP: 5/5
  1681 | D:3      | Gained a life (2 lives remaining)
  1971 | D:3      | Reached ** piety under Trog
  2473 | D:4      | Reached skill level 3 in Stealth
  2473 | D:4      | Reached skill level 1 in Shapeshifting
  2647 | D:4      | Noticed a lemure
  2825 | D:4      | Noticed a lemure
  2825 | D:4      | Noticed a lemure
  2936 | D:4      | Slain by a gnoll
  2936 | D:4      | Lost a life (1 life remaining)
  2995 | D:4      | Reached XP level 5. HP: 28/28 MP: 6/6
  3042 | D:4      | Noticed Pikel
  3045 | D:4      | Noticed a lemure
  3058 | D:4      | Killed Pikel
  3059 | D:4      | Reached skill level 5 in Dodging
  3059 | D:4      | Reached skill level 5 in Stealth
  3059 | D:4      | Reached skill level 5 in Unarmed Combat
  3059 | D:4      | Gained mutation: You are covered in thick fur. (AC +2)
                  | [Felid growth]
  3059 | D:4      | Reached XP level 6. HP: 29/33 MP: 7/7
  3059 | D:4      | Reached XP level 7. HP: 32/37 MP: 8/8
  3059 | D:4      | Gained a life (2 lives remaining)
  3426 | D:4      | Found a staircase to the Ecumenical Temple.
  3435 | D:4      | Noticed Dowan
  3944 | D:4      | Noticed Duvessa
  3958 | D:4      | Killed Duvessa
  3959 | D:4      | Reached skill level 6 in Stealth
  3962 | D:4      | Killed Dowan
  4043 | D:4      | Found a runed translucent door.
  4044 | D:4      | Noticed Crazy Yiuf
  4177 | D:5      | Entered Level 5 of the Dungeon
  4206 | D:5      | Noticed a wyvern
  4214 | D:5      | Killed a wyvern
  4435 | D:5      | Reached XP level 8. HP: 42/42 MP: 9/9
  4492 | D:5      | Reached skill level 7 in Stealth
  4752 | D:5      | Reached skill level 5 in Fighting
  4862 | D:5      | Found a runed translucent door.
  4863 | D:5      | Noticed Doorstop00's ghost (novice MiBe)
  4966 | D:5      | Found a runed translucent door.
  5650 | D:3      | Bought a ring of poison resistance for 240 gold pieces
  5753 | D:6      | Reached skill level 8 in Stealth
  6302 | D:6      | Reached XP level 9. HP: 47/47 MP: 10/10
  6318 | D:6      | Reached skill level 9 in Stealth
  6413 | D:7      | Found a runed translucent door.
  6413 | D:7      | Noticed Fractals's ghost (novice KoBr)
  6440 | D:7      | Slain by Fractals's ghost
  6440 | D:7      | Lost a life (1 life remaining)
  6457 | D:7      | Noticed a deep elf pyromancer
  6482 | D:7      | Killed a deep elf pyromancer
  7259 | D:7      | Slain by a gnoll
  7259 | D:7      | Lost a life (0 lives remaining)
  7293 | D:7      | Reached skill level 1 in Evocations
  7315 | D:8      | Slain by Fractals's ghost

Illustrated notes

Levels and vault maps discovered:
D:1:      minmay_arrival_loop, layout_basic, dilly_ecumenical_altar_fadedgnrine,
          dreamdust_princess_corridor
D:2:      layout_loops_ring, serial_shops, nicolae_shop_window_shopping
D:3:      layout_basic, serial_shops, shop, lightli_corner_chamber
D:4:      layout_basic, minmay_temple_entry_butterflies,
          uniq_crazy_yiuf_cottage, uniq_pikel, uniq_duvessa
D:5:      layout_loops_ring, ebering_ghost_sewer_f, minivault_11,
          skrybe_limestone_x
D:6:      layout_cave_pools, minmay_joined_circles
D:7:      layout_rooms, ebering_ghost_inner_flame
D:8:      minmay_bloctagon_deflated, layout_cave_pools, bloody_makhleb,
          einodemon_armed_red_devil_minivault

Skill      XL: |  1  2  3  4  5  6  7  8  9 |
---------------+----------------------------+-----
Stealth        | 1 2 3 5 6 8 9 |  9.8
Shapeshifting  | 1 2 3 4 |  4.1
Unarmed Combat | 4 5 7 |  7.8
Fighting       | 4 5 6 |  6.0
Dodging        | 5 6 7 |  7.9
Evocations     | 1 |  1.0

Action                     |  1- 3 |  4- 6 |  7- 9 || total
---------------------------+-------+-------+-------++-------
  Melee: Unarmed           |    71 |    61 |   198 ||   330
         Bite              |     5 |     4 |    31 ||    40
         Punch             |       |       |    10 ||    10
 Invoke: Berserk           |     3 |     4 |    12 ||    19
         Trog's Hand       |       |     1 |       ||     1
  Evoke: Tin of tremorston |       |       |     2 ||     2
         Gell's gravitambo |       |       |     1 ||     1
    Use: Scroll            |     5 |       |     4 ||     9
         Potion            |       |       |     2 ||     2
   Stab: Sleeping          |     5 |     3 |    14 ||    22
         Distracted        |       |       |     2 ||     2
 Armour: Skin              |    26 |    23 |    71 ||   120
  Dodge: Dodged            |    43 |    46 |   178 ||   267
   Form: Beast             |       |       |     1 ||     1

Table legend: (Time is in decaauts)
 A = Elapsed time spent in this place.
 B = Non-inter-level travel time spent in this place.
 C = Inter-level travel time spent in this place.
 D = Time resting spent in this place.
 E = Time spent auto-exploring this place.
 F = Levels seen in this place.
 G = Mean time per level.
                   A        B        C        D        E       F      G
               +--------+--------+--------+--------+--------+-----+--------+
         Total |   7450 |   6873 |    577 |   2563 |   3161 |   8 |  931.2 |
       Dungeon |   7450 |   6873 |    577 |   2563 |   3161 |   8 |  931.2 |
               +--------+--------+--------+--------+--------+-----+--------+

Top non-repeatable levels by time:
     D:4: 2232 daAuts
     D:5: 1026 daAuts
     D:7: 942 daAuts
     D:2: 893 daAuts
     D:6: 882 daAuts
     D:3: 783 daAuts
     D:1: 687 daAuts
     D:8: 2 daAuts
